 Dungeon Crawl Stone Soup version 0.30-a0-134-gb40fab5c76 (webtiles) character file.

Game seed: 908991797520456033

1283 Armakuni the Destroyer (level 8, 0/42 (46) HPs)
             Began as an Octopode Conjurer on Sept 18, 2022.
             Was an Initiate of Sif Muna.
             Slain by Maggie
             ... wielding a +2 broad axe of draining
              (7 damage)
             ... on level 6 of the Dungeon on Sept 19, 2022.
             The game lasted 00:10:22 (5544 turns).

Armakuni the Destroyer (Octopode Conjurer)          Turns: 5544, Time: 00:10:23

HP:   0/42 (46)     AC:  1    Str:  6    XL:     8   Next: 55%
MP:   0/12          EV: 13    Int: 23    God:    Sif Muna [......]
Gold: 421           SH:  0    Dex: 10    Spells: 3/13 levels left

rFire   . . .      SeeInvis .    a - +1 short sword (flame)
rCold   . . .      Faith    .    (no shield)
rNeg    . . .      Spirit   .    (helmet restricted)
rPois   .          Reflect  .    (no amulet)
rElec   .          Harm     .    S - +4 ring of slaying
rCorr   .          Rampage  .    (no ring)
Will    .....                    (no ring)
Stlth   +++.......               (no ring)
HPRegen 0.14/turn                (no ring)
MPRegen 0.13/turn                (no ring)
                                 (no ring)
                                 (no ring)

@: mesmerised, drained
A: almost no armour, amphibious, 8 rings, camouflage 1, gelatinous body 1,
(nimble swimmer 1), tentacles
a: Renounce Religion


You were on level 6 of the Dungeon.
You worshipped Sif Muna.
Sif Muna was noncommittal.
You visited 2 branches of the dungeon, and saw 7 of its levels.

You collected 421 gold pieces.

Inventory:

Hand Weapons
 a - a +1 short sword of flaming (weapon)
 b - a +0 quarterstaff of freezing
Jewellery
 J - a ring of ice
 S - a +4 ring of slaying (left tentacle)
Wands
 j - a wand of iceblast (11)
 m - a wand of mindburst (10)
 p - a wand of paralysis (7)
 v - a wand of quicksilver (8)
Scrolls
 e - 3 scrolls of enchant armour
 f - a scroll of enchant weapon {unknown}
 n - a scroll of fear {unknown}
 q - a scroll of magic mapping {unknown}
 r - a scroll of teleportation {unknown}
Potions
 c - 3 potions of might
 d - 2 potions of flight
 g - 2 potions of lignification
 h - 3 potions of cancellation {unknown}
 i - a potion of attraction {unknown}
 k - 2 potions of mutation {unknown}
 l - 3 potions of curing
 o - a potion of ambrosia {unknown}
 s - 2 potions of heal wounds
 t - a potion of resistance {unknown}
 u - a potion of degeneration {unknown}


   Skills:
 - Level 2.0 Dodging
 - Level 2.6 Stealth
 + Level 3.3 Spellcasting
 - Level 10.0 Conjurations
 - Level 3.0 Hexes


You had 3 spell levels left.
You knew the following spells:

 Your Spells              Type           Power      Damage    Failure   Level
a - Magic Dart            Conj           100%       1d8       1%          1
h - Spider Form           Tmut/Pois      3%         N/A       34%         3
p - Fulminant Prism       Conj/Hex       16%        3d11      8%          4
z - Searing Ray           Conj           98%        2d8       1%          2

Your spell library contained the following spells:

 Spells                   Type           Power      Damage    Failure   Level
 Dazzling Flash           Conj/Hex       66%        N/A       2%          3
 Beastly Appendage        Tmut           6%         N/A       12%         1
 Wereblood                Tmut           3%         N/A       17%         2
 Iskenderun's Mystic Bla  Conj/Tloc      26%        2d7       14%         4


Dungeon Overview and Level Annotations

Branches:
Dungeon (6/15)             Temple (1/1) D:6

Altars:
Ashenzari
Cheibriados
Dithmenos
Elyvilon
Fedhas
Gozag
Kikubaaqudgha
Makhleb
Nemelex Xobeh
Okawaru
Qazlal
Ru
Sif Muna
Trog
Uskayaw
Vehumet
Wu Jian
Xom
Yredelemnul
Zin

Annotations:
D:6 Maggie


Innate Abilities, Weirdness & Mutations

You cannot wear most types of armour.
You are amphibious.
You can wear up to eight rings at the same time.
Your skin changes colour to match your surroundings (Stealth+).
Your rubbery body absorbs attacks. (AC +1, EV +1)
((You are camouflaged when in or above water. (Stealth+)))
You have tentacles for arms and can constrict up to eight enemies at once.


Message History

Aiming: Mindburst
Press: ? - help, Shift-Dir - straight line, f - Maggie
Aim: Maggie, wielding a +2 broad axe of draining and wearing +0 steam dragon scales (mesmerising, ally target, chance to affect: 64%) Maggie's mind is blasted!!
Your fulminant prism crackles loudly.
Aiming: Searing Ray (safe; 1% risk of failure)
Press: ? - help, Q - select action, (/) - cycle Shift-Dir - straight line, f/p - Maggie
Aim: Maggie, wielding a +2 broad axe of draining and wearing +0 steam dragon scales (moderately wounded, mesmerising, ally target, 83% to hit)
The searing ray misses Maggie. (Press . to maintain the ray.)
Your fulminant prism explodes!
The blast of energy engulfs Maggie!
Maggie is heavily wounded.
You hear a shout! x2
The searing ray hits Maggie!
Maggie is heavily wounded.
Maggie drinks a potion.
Maggie is healed!
The searing ray hits Maggie!
Maggie is severely wounded.
The searing ray hits Maggie.
Maggie is severely wounded.
You finish channelling your searing ray.
Aiming: Searing Ray (safe; 1% risk of failure)
Press: ? - help, Q - select action, (/) - cycle Shift-Dir - straight line, f/p - Maggie
Aim: Maggie, wielding a +2 broad axe of draining and wearing +0 steam dragon scales (severely wounded, mesmerising, 83% to hit)
The searing ray misses Maggie. (Press . to maintain the ray.) Maggie hits you with a +2 broad axe of draining!!
You feel drained.
The searing ray hits Maggie!
Maggie is almost dead.
Maggie hits you with a +2 broad axe of draining!
* * * LOW HITPOINT WARNING * * *
You feel drained.
* * * LOW HITPOINT WARNING * * *
The searing ray hits Maggie!
Maggie is almost dead.
A gnoll comes into view. It is wielding a +0 spear.
Maggie hits you with a +2 broad axe of draining!
You die...

#..........
.......
########...###.
....... #....#
#.⌠.# #. .......
#....###...# #.
g......
#........### #.
....... #........#
#.
#....###........#
#. #.@.##........#
#.
#@##)...[...#####.
#..)............<.
##.....####.#####.
#......# #.# #.
#......###.### #.
#......##<...# #.
#......###.#.###.
##................
#.....#[..........


You could see Maggie (mesmerising) and a gnoll.

Vanquished Creatures
  Pikel (D:5)
  A black bear (D:6)
  An orc warrior (D:6)
  A lemure (D:5)
  A bullfrog (D:6)
  3 scorpions
  2 hounds
  An orc priest (D:6)
  2 jellies
  3 iguanas (D:5)
  An orc wizard (D:4)
  3 gnolls (D:4)
  3 adders
  A white imp (D:5)
  An ufetubus (D:4)
  4 worms
  4 dart slugs
  8 orcs
  2 ball pythons
  2 endoplasms (D:2)
  3 giant cockroaches (D:3)
  7 goblins
  5 hobgoblins
  5 jackals
  7 kobolds
  4 quokkas
  6 bats
  4 frilled lizards
  4 rats
90 creatures vanquished.

Vanquished Creatures (others)
  A fulminant prism (D:6)
1 creature vanquished.

Grand Total: 91 creatures vanquished

Notes
Turn   | Place    | Note
-------+----------+-------------------------------------------
     0 | D:1      | Armakuni the Octopode Conjurer began the quest for the Orb.
     0 | D:1      | Reached XP level 1. HP: 11/11 MP: 3/3
   101 | D:1      | Found a faded altar of an unknown god.
   419 | D:1      | Reached XP level 2. HP: 13/17 MP: 0/5
   601 | D:1      | Learned a level 2 spell: Searing Ray
   894 | D:2      | Reached XP level 3. HP: 20/21 MP: 2/6
   896 | D:2      | Reached skill level 5 in Conjurations
  1372 | D:2      | Reached XP level 4. HP: 14/27 MP: 5/7
  2188 | D:3      | Learned a level 4 spell: Fulminant Prism
  2553 | D:3      | Reached skill level 6 in Conjurations
  2768 | D:4      | Noticed a scorpion
  2774 | D:4      | Reached XP level 5. HP: 16/31 MP: 4/8
  3156 | D:4      | Reached skill level 7 in Conjurations
  3156 | D:4      | Reached XP level 6. HP: 23/36 MP: 7/9
  3295 | D:4      | Identified the +1 pair of gloves of the Mind {rElec rN+++
                  | Int+3 Stlth-}
  3646 | D:4      | Upgraded the game from 0.30-a0-125-g51eefa89be to
                  | 0.30-a0-134-gb40fab5c76
  3824 | D:5      | Entered Level 5 of the Dungeon
  3831 | D:5      | Reached skill level 1 in Hexes
  4271 | D:5      | Noticed Pikel
  4283 | D:5      | Killed Pikel
  4284 | D:5      | Reached skill level 9 in Conjurations
  4284 | D:5      | Reached XP level 7. HP: 23/41 MP: 5/10
  4284 | D:5      | Reached XP level 8. HP: 26/46 MP: 5/11
  4681 | D:5      | Learned a level 3 spell: Spider Form
  4978 | D:6      | Found a staircase to the Ecumenical Temple.
  5062 | Temple   | Entered the Ecumenical Temple
  5342 | Temple   | Became a worshipper of Sif Muna the Loreminder
  5457 | D:6      | Reached skill level 10 in Conjurations
  5535 | D:6      | Noticed Maggie
  5544 | D:6      | Slain by Maggie

Illustrated notes

Levels and vault maps discovered:
D:1:      dpeg_arrival_windows_large_door, layout_basic,
          hellmonk_ecumenical_altar_lost_god
D:2:      layout_basic, grunt_decor_resistance
D:3:      layout_loops_cross, corexii_item_surrounded_by_moat
D:4:      layout_loops_cross
D:5:      layout_gridville, uniq_pikel
D:6:      layout_basic, minmay_temple_entry_junction, uniq_maggie
Temple:   nicolae_temple_slightly_damp_pantheon

Skill      XL: |  1  2  3  4  5  6  7  8 |
---------------+-------------------------+-----
Conjurations   | 5 6 7 9 10 | 10.0
Hexes          | 3 |  3.0
Spellcasting   | 3 |  3.3
Dodging        | |  2.0
Stealth        | |  2.6

Action                   |  1- 3 |  4- 6 |  7- 9 || total
-------------------------+-------+-------+-------++-------
Melee: Short sword       |    24 |    28 |     2 ||    54
       Constrict         |     8 |     5 |       ||    13
       Tentacles         |     3 |     2 |       ||     5
 Cast: Magic Dart        |    14 |       |       ||    14
       Searing Ray       |     7 |    33 |    14 ||    54
       Fulminant Prism   |       |       |     1 ||     1
Evoke: Wand              |       |     2 |     3 ||     5
  Use: Scroll            |     1 |     8 |       ||     9
       Potion            |       |     5 |       ||     5
 Stab: Sleeping          |     3 |     7 |       ||    10
       Distracted        |     1 |       |       ||     1
       Paralysed         |       |     2 |       ||     2
Armor: Skin              |     3 |     1 |       ||     4
Dodge: Dodged            |    13 |    26 |     5 ||    44

Table legend: (Time is in decaauts)
 A = Elapsed time spent in this place.
 B = Non-inter-level travel time spent in this place.
 C = Inter-level travel time spent in this place.
 D = Time resting spent in this place.
 E = Time spent auto-exploring this place.
 F = Levels seen in this place.
 G = Mean time per level.
                   A        B        C        D        E       F      G
               +--------+--------+--------+--------+--------+-----+--------+
         Total |   5544 |   5370 |    174 |   1181 |   3334 |   7 |  792.0 |
       Dungeon |   5244 |   5159 |     85 |   1181 |   3146 |   6 |  874.0 |
        Temple |    299 |    210 |     89 |      0 |    188 |   1 |  299.0 |
               +--------+--------+--------+--------+--------+-----+--------+

Top non-repeatable levels by time:
     D:4: 1428 daAuts
     D:2: 1235 daAuts
     D:5: 797 daAuts
     D:1: 740 daAuts
     D:3: 700 daAuts
     D:6: 341 daAuts
  Temple: 299 daAuts
